 Dungeon Crawl Stone Soup version 0.23.0 (webtiles) character file.

Game seed: 12464935436570812311

37855 TheParty the Destroyer (level 13, 0/93 HPs)
             Began as a Demonspawn Wizard on Feb 11, 2019.
             Was the Champion of Okawaru.
             Killed from afar by an oklob plant (9 damage)
             ... with a splash of acid
             ... on level 5 of the Lair of Beasts on Feb 12, 2019.
             The game lasted 01:37:14 (25344 turns).

TheParty the Destroyer (Demonspawn Wizard)         Turns: 25344, Time: 01:37:15

Health: 0/93       AC: -7    Str:  9 (12) XL:     13   Next: 60%
Magic:  30/30      EV: 26    Int: 23 (25) God:    Okawaru [******]
Gold:   828        SH:  0    Dex: 10 (12) Spells: 15/32 levels left

rFire    + . .     SeeInvis .   p - +2 trident (venom)
rCold    + + .     Gourm    .   (no shield)
rNeg     . . .     Faith    .   x - +1 leather armour "Pedor" {rElec rPois Slay+2}
rPois    +         Spirit   .   s - +0 hat "Obleedan" {Str+5}
rElec    +         Reflect  .   n - scarf {rC+ rF+}
rCorr    .         Harm     .   q - +1 pair of gloves
MR       .....                  m - +1 pair of boots {Fly}
Stlth    +++.......             w - amulet of the acrobat
HPRegen  0.25/turn              h - ring of protection from cold
MPRegen  0.22/turn              B - ring of stealth

@: corroded, acrobat, flying
A: horns 1, rugged brown scales 1, blurry vision 1, deterioration 1, high mp 1,
nightstalker 1, sense surroundings 1, powered by pain 2
a: Heroism, Finesse, Renounce Religion


You were on level 5 of the Lair of Beasts.
You worshipped Okawaru.
Okawaru was exalted by your worship.
You were full.

You visited 3 branches of the dungeon, and saw 16 of its levels.
You also visited: Bailey.

You collected 828 gold pieces.

Inventory:

Hand Weapons
 c - a +0 whip
 p - a +2 trident of venom (weapon)
 r - a +1 dagger of protection
 K - a +2 spear of flaming
Armour
 a - a +0 robe
 b - a +0 hat
 m - a +1 pair of boots of flying (worn)
 n - a scarf of resistance (worn)
 o - a +1 robe of magic resistance
 q - a +1 pair of gloves (worn)
 s - the +0 hat "Obleedan" (worn) {Str+5}
   (You found it in a bailey)

   It affects your strength (+5).
 x - the +1 leather armour "Pedor" (worn) {rElec rPois Slay+2}
   (You found it on level 1 of the Lair of Beasts)

   It affects your accuracy and damage with ranged weapons and melee attacks
   (+2).
   It insulates you from electricity.
   It protects you from poison.
 y - a +2 cloak
 E - a +1 robe of cold resistance
 G - a +2 cloak of magic resistance
Jewellery
 h - a ring of protection from cold (left hand)
 w - an amulet of the acrobat (around neck)
 B - a ring of stealth (right hand)
 D - an uncursed ring of ice
Wands
 j - a wand of iceblast (4)
 v - a wand of flame (1)
 C - a wand of digging (10)
 F - a wand of acid (7)
 N - a wand of enslavement (10)
Scrolls
 e - 7 scrolls of remove curse
 f - a scroll of blinking
 i - 9 scrolls of identify
 k - a scroll of immolation
 t - 4 scrolls of amnesia
 z - 2 scrolls of enchant weapon
 H - 2 scrolls of magic mapping
 L - 4 scrolls of teleportation
 O - a scroll of fear
Potions
 g - 5 potions of flight
 l - 4 potions of lignification
 u - 2 potions of brilliance
 A - 2 potions of curing
 I - a potion of agility
 J - a potion of cancellation
Comestibles
 d - 20 rations


   Skills:
 - Level 5.0 Fighting
 * Level 10.5 Polearms
 - Level 1.7 Dodging
 - Level 1.7 Stealth
 - Level 10.4 Spellcasting
 - Level 13.1 Conjurations
 - Level 1.0 Summonings
 - Level 0.8 Translocations
 - Level 11.1 Invocations
 + Level 6.4 Evocations


You had 15 spell levels left.
You knew the following spells:

 Your Spells              Type           Power        Failure   Level  Hunger
a - Magic Dart            Conj           ####         1%          1    None
b - Blink                 Tloc           N/A          9%          2    None
c - Mephitic Cloud        Conj/Pois/Air  ####....     3%          3    None
d - Venom Bolt            Conj/Pois      #####.....   14%         5    ####...
e - Summon Butterflies    Summ           ###.....     4%          1    None
f - Conjure Flame         Conj/Fire      #####...     1%          3    None
g - Call Imp              Summ           ###.....     8%          2    None

Your spell library contained the following spells:

 Spells                   Type           Power        Failure   Level  Hunger
 Sting                    Conj/Pois      ####         1%          1    None
 Apportation              Tloc           ###...       5%          1    None
 Beastly Appendage        Tmut           ##....       8%          1    None
 Poisonous Vapours        Pois/Air       ##....       12%         2    None
 Slow                     Hex            ##......     12%         2    None
 Sticks to Snakes         Tmut           ##......     12%         2    None
 Lesser Beckoning         Tloc           ###.......   16%         3    None
 Spider Form              Tmut/Pois      ##........   22%         3    None
 Tukima's Dance           Hex            ##......     22%         3    None
 Ice Form                 Ice/Tmut       ##......     58%         4    #......
 Olgreb's Toxic Radiance  Pois           ##......     58%         4    #......
 Alistair's Intoxication  Tmut/Pois      ##......     91%         5    ####...
 Blade Hands              Tmut           ##........   91%         5    ####...
 Invisibility             Hex            ##......     100%        6    ######.


Dungeon Overview and Level Annotations

Branches:
Dungeon (10/15)            Temple (1/1) D:7            Lair (5/6) D:9
 Shoals (0/4) Lair:3       Spider (0/4) Lair:3
  Slime: Lair:5-6       Orc: D:9-12

Altars:
Ashenzari
Cheibriados
Dithmenos
Elyvilon
Fedhas
Gozag
Hepliaklqana
Kikubaaqudgha
Makhleb
Nemelex Xobeh
Okawaru
Qazlal
Ru
Sif Muna
Trog
Uskayaw
Vehumet
Wu Jian
Xom
Yredelemnul
Zin
The Shining One

Shops:
D:6 (   D:7 **

Annotations:
D:4 Purgy
Lair:5 exclusion: 2 oklob plants


Innate Abilities, Weirdness & Mutations

You have a pair of small horns on your head.
You are partially covered in rugged brown scales. (AC +1, +3% HP)
You are slightly more attuned to the shadows.
You sometimes gain power by taking damage.
Scrolls take you a little longer to read.
Your body sometimes deteriorates upon taking damage.
You have an increased reservoir of magic. (+10% MP)
You passively map a small area around you.


Message History

The oklob plant spits acid at you. The splash of acid hits you!
The acid corrodes you!
You are splashed with acid!
The oklob plant spits acid at you. The splash of acid hits you!
The acid corrodes you!
You are splashed with acid!
Really read with blurry vision while enemies are nearby?
The oklob plant spits acid at you. The splash of acid hits you!
* * * LOW HITPOINT WARNING * * *
You focus on the pain.
You feel your power returning.
Magic restored.
The acid corrodes you!
You are splashed with acid!
* * * LOW HITPOINT WARNING * * *
Your body deteriorates!
You feel weakened.
You begin reading the scroll.
You continue reading the scroll.
As you read the scroll of fog, it crumbles to dust.
The scroll dissolves into smoke.
Okay, then.
Unknown command.
The oklob plant spits acid at you. The splash of acid hits you!
You die... ######## #PPPPPP#

# #≈≈≈≈≈≈# ########
#≈....≈#
....#..###.....§###
.....#.P.#....§§§>#
.........'.).§§§@>#
####.....#....§§§>#
##..###.....§###
#### #≈....≈#
#≈≈≈≈≈≈#


#PPPPPP# ######## You could see an oklob plant.

Vanquished Creatures
  Gastronok (Lair:2)
  Fannar (D:10)
  2 hydras
  Erica (Lair:2)
  4 two-headed ogres
  An unseen horror (D:10)
  An orc knight (Bailey)
  2 manticores
  4 black mambas
  An ice statue (Lair:2)
  Maurice (D:10)
  A torpor snail (Lair:3)
  4 komodo dragons
  7 rime drakes
  5 spiny frogs
  A demonic crawler (Lair:3)
  A freezing wraith (Lair:2)
  A troll (D:6)
  3 polar bears
  13 hippogriffs
  2 dream sheep (Lair:3)
  16 blink frogs
  5 slime creatures
  4 hogs (D:7)
  23 yaks
  7 wyverns
  7 basilisks (Lair:5)
  A human (D:7)
  A hungry ghost (D:10)
  8 water moccasins
  4 porcupines
  12 orc warriors
  3 sky beasts
  8 ice beasts
  A black bear (Lair:1)
  A hornet zombie (D:8)
  5 ogres
  2 phantoms
  17 wolves
  5 centaurs
  13 crocodiles
  13 bullfrogs
  A big kobold (D:9)
  8 scorpions
  14 killer bees
  An electric eel (Lair:1)
  4 howler monkeys
  5 crimson imps
  A bullfrog zombie (D:10)
  A centaur zombie (D:6)
  3 hounds
  A jelly (D:8)
  9 orc priests
  A bullfrog skeleton (D:10)
  9 orc wizards
  Jessica (D:2)
  Natasha (D:4)
  3 iguanas
  8 worker ants
  A hound zombie (D:10)
  Robin (D:4)
  3 gnolls
  17 adders
  2 shadow imps
  5 white imps (Lair:2)
  6 worms
  A dart slug (D:3)
  2 leopard geckos
  62 orcs
  7 giant cockroaches
  19 goblins
  9 hobgoblins
  5 jackals
  22 kobolds
  6 quokkas
  A ball python (D:7)
  8 bats
  5 frilled lizards
  A jackal skeleton (D:8)
  A quokka skeleton (D:6)
  10 rats
478 creatures vanquished.

Vanquished Creatures (collateral kills)
  2 killer bees (D:9)
  A gnoll (D:8)
3 creatures vanquished.

Vanquished Creatures (others)
  A quokka (D:8)
  13 fungi
  3 plants
17 creatures vanquished.

Grand Total: 498 creatures vanquished

Notes
Turn   | Place    | Note
-------+----------+-------------------------------------------
     0 | D:1      | TheParty the Demonspawn Wizard began the quest for the Orb.
     0 | D:1      | Reached XP level 1. HP: 13/13 MP: 4/4
   302 | D:1      | Reached skill level 2 in Conjurations
   414 | D:1      | Gained mutation: You sometimes gain a little power by
                  | taking damage. [demonic ancestry]
   414 | D:1      | Reached XP level 2. HP: 19/19 MP: 0/6
   789 | D:2      | Reached skill level 3 in Conjurations
   789 | D:2      | Reached XP level 3. HP: 19/24 MP: 1/7
  1047 | D:2      | Learned a level 3 spell: Conjure Flame
  1051 | D:2      | Learned a level 3 spell: Mephitic Cloud
  1148 | D:2      | Noticed Jessica
  1154 | D:2      | Killed Jessica
  1154 | D:2      | Reached skill level 4 in Conjurations
  1154 | D:2      | Reached XP level 4. HP: 14/30 MP: 4/8
  2367 | D:3      | Reached skill level 5 in Conjurations
  2367 | D:3      | Reached XP level 5. HP: 35/35 MP: 4/9
  2878 | D:3      | Noticed a hippogriff
  2892 | D:3      | Killed a hippogriff
  2892 | D:3      | Reached skill level 6 in Conjurations
  2892 | D:3      | Gained mutation: You are partially covered in rugged brown
                  | scales. (AC +1, +3% HP) [demonic ancestry]
  2892 | D:3      | Reached XP level 6. HP: 33/42 MP: 3/10
  3268 | D:4      | Noticed Robin
  3311 | D:4      | Killed Robin
  3322 | D:4      | Reached skill level 7 in Conjurations
  3389 | D:4      | Found a burning altar of Makhleb.
  3770 | D:4      | Noticed an orc warrior
  4223 | D:4      | Reached XP level 7. HP: 47/47 MP: 6/11
  4229 | D:4      | Noticed Purgy
  4898 | D:4      | Noticed Natasha
  4905 | D:4      | Killed Natasha
  4905 | D:4      | Reached skill level 8 in Conjurations
  5004 | D:4      | Learned a level 2 spell: Blink
  5067 | D:5      | Entered Level 5 of the Dungeon
  5412 | D:5      | Reached XP level 8. HP: 38/53 MP: 7/14
  6014 | D:5      | Found a blossoming altar of Fedhas.
  6307 | D:6      | Reached skill level 9 in Conjurations
  6567 | D:6      | Reached skill level 5 in Spellcasting
  6570 | D:6      | Found a deep blue altar of Sif Muna.
  6629 | D:6      | Found Biylontoj's Antique Weapon Shoppe.
  6672 | D:6      | Found a shadowy altar of Dithmenos.
  6773 | D:6      | Noticed a troll
  6816 | D:6      | Killed a troll
  7275 | D:6      | Reached skill level 10 in Conjurations
  7444 | D:6      | Found an ancient bone altar of Kikubaaqudgha.
  7446 | D:6      | Found a burning altar of Makhleb.
  7446 | D:6      | Found a sacrificial altar of Ru.
  7448 | D:6      | Found a bloodstained altar of Trog.
  7448 | D:6      | Found a burning altar of Makhleb.
  7448 | D:6      | Found a shimmering altar of Xom.
  7825 | D:7      | Found a staircase to the Ecumenical Temple.
  7834 | Temple   | Entered the Ecumenical Temple
  7934 | D:7      | Reached XP level 9. HP: 58/58 MP: 9/18
  8046 | D:7      | Found Jaomn's Assorted Antiques.
  8147 | D:7      | Found a white marble altar of Elyvilon.
  8598 | D:7      | Found Zin's Purification Station.
  8603 | D:7      | Found a glowing silver altar of Zin.
  8689 | D:7      | Learned a level 1 spell: Summon Butterflies
  8808 | D:7      | Found a basalt altar of Yredelemnul.
  8834 | D:7      | Reached skill level 11 in Conjurations
  9108 | D:7      | Found a hide-covered altar of Uskayaw.
  9499 | D:8      | Noticed a two-headed ogre
  9679 | D:8      | Noticed a two-headed ogre
  9710 | D:8      | Found a flagged portal.
  9978 | Bailey   | Entered a bailey
 10122 | Bailey   | Noticed an orc knight
 10146 | Bailey   | Killed an orc knight
 10146 | Bailey   | Gained mutation: You have a pair of small horns on your
                  | head. [demonic ancestry]
 10146 | Bailey   | Reached XP level 10. HP: 64/64 MP: 15/22
 10704 | Bailey   | Got a steaming hat
 10710 | Bailey   | Identified the +0 hat "Obleedan" {Str+5} (You found it in a
                  | bailey)
 10743 | D:8      | Killed a two-headed ogre
 10743 | D:8      | Reached skill level 12 in Conjurations
 11112 | D:8      | Found an iron altar of Okawaru.
 11120 | D:8      | Became a worshipper of Warmaster Okawaru
 12123 | D:8      | Found a white marble altar of Elyvilon.
 12572 | D:8      | Killed a two-headed ogre
 12572 | D:8      | Reached * piety under Okawaru
 12572 | D:8      | Reached skill level 10 in Spellcasting
 12806 | D:9      | Reached ** piety under Okawaru
 12834 | D:9      | Found a staircase to the Lair.
 12868 | D:9      | Gained mutation: You sometimes gain power by taking damage.
                  | [demonic ancestry]
 12868 | D:9      | Reached XP level 11. HP: 70/70 MP: 14/25
 13088 | D:9      | Found a radiant altar of Vehumet.
 13117 | D:9      | Reached skill level 13 in Conjurations
 13656 | D:9      | Found a sparkling altar of Nemelex Xobeh.
 13656 | D:9      | Found a stormy altar of Qazlal.
 13824 | D:10     | Entered Level 10 of the Dungeon
 13838 | D:10     | Reached skill level 1 in Invocations
 13887 | D:10     | Reached skill level 1 in Fighting
 14124 | D:10     | Noticed a two-headed ogre
 14138 | D:10     | Killed a two-headed ogre
 14138 | D:10     | Reached *** piety under Okawaru
 14739 | D:10     | Noticed Fannar
 14753 | D:10     | Killed Fannar
 14788 | D:10     | Killed an unseen horror
 14788 | D:10     | Reached skill level 5 in Invocations
 14957 | D:10     | Noticed Maurice
 14986 | D:10     | Killed Maurice
 14986 | D:10     | Reached **** piety under Okawaru
 14987 | D:10     | Noticed a two-headed ogre
 15008 | D:10     | Killed a two-headed ogre
 15249 | D:10     | Reached skill level 5 in Fighting
 15553 | D:10     | Reached skill level 1 in Polearms
 15773 | Lair:1   | Entered Level 1 of the Lair of Beasts
 16042 | Lair:1   | Reached ***** piety under Okawaru
 16854 | Lair:1   | Reached XP level 12. HP: 77/88 MP: 26/26
 16910 | Lair:1   | Got a shimmering leather armour
 16921 | Lair:1   | Identified the +1 leather armour "Pedor" {rElec rPois
                  | Slay+2} (You found it on level 1 of the Lair of Beasts)
 18284 | Lair:2   | Got a steaming trident
 18285 | Lair:2   | Identified the +6 trident of Modesty {holy, rF+ MR+ Str+7
                  | Stlth-} (You found it on level 2 of the Lair of Beasts)
 18351 | Lair:2   | Noticed Erica
 18363 | Lair:2   | Killed Erica
 18363 | Lair:2   | Reached skill level 5 in Polearms
 18363 | Lair:2   | Reached skill level 10 in Invocations
 18377 | Lair:2   | Noticed Gastronok
 18428 | Lair:2   | Killed Gastronok
 18428 | Lair:2   | Received a gift from Okawaru
 18499 | Lair:2   | Gained mutation: Your body sometimes deteriorates upon
                  | taking damage. [potion of mutation]
 18499 | Lair:2   | Gained mutation: Scrolls take you a little longer to read.
                  | [potion of mutation]
 18499 | Lair:2   | Gained mutation: You have an increased reservoir of magic.
                  | (+10% MP) [potion of mutation]
 18499 | Lair:2   | Gained mutation: You passively map a small area around you.
                  | [potion of mutation]
 18555 | Lair:2   | Noticed a six-headed hydra
 18657 | Lair:2   | Killed a six-headed hydra
 18657 | Lair:2   | Reached skill level 1 in Evocations
 19918 | Lair:3   | Received a gift from Okawaru
 20048 | Lair:3   | Found a hole to the Spider Nest.
 20280 | Lair:3   | Found a staircase to the Shoals.
 20531 | Lair:3   | Got a faintly glowing chain mail
 20534 | Lair:3   | Identified the +2 chain mail of Fall {rCorr} (You found it
                  | on level 3 of the Lair of Beasts)
 20962 | Lair:4   | Gained mutation: You are slightly more attuned to the
                  | shadows. [demonic ancestry]
 20962 | Lair:4   | Reached XP level 13. HP: 89/93 MP: 13/30
 22526 | Lair:5   | Reached skill level 5 in Evocations
 22531 | Lair:5   | Reached ****** piety under Okawaru
 22799 | Lair:5   | Received a gift from Okawaru
 23160 | Lair:5   | Reached skill level 10 in Polearms
 23300 | Lair:5   | Received a gift from Okawaru
 23789 | Lair:5   | Learned a level 5 spell: Venom Bolt
 24774 | Lair:5   | Learned a level 2 spell: Call Imp
 25344 | Lair:5   | Killed from afar by an oklob plant

Skill      XL: |  1  2  3  4  5  6  7  8  9 10 11 12 13 |
---------------+----------------------------------------+-----
Conjurations   | 2 3 4 5 6 7 8 10 11 12 13 | 13.1
Spellcasting   | 4 6 8 10 | 10.4
Invocations    | 8 11 | 11.1
Fighting       | 5 |  5.0
Polearms       | 3 8 10 | 10.5
Evocations     | 3 6 |  6.4
Dodging        | |  1.7
Stealth        | |  1.7
Summonings     | |  1.0
Translocations | |  0.8

Action                   |  1- 3 |  4- 6 |  7- 9 | 10-12 | 13-15 || total
-------------------------+-------+-------+-------+-------+-------++-------
Melee: Whip              |    10 |     2 |       |       |       ||    12
       Dagger            |       |   191 |    58 |       |       ||   249
       Trident           |       |       |   327 |   751 |   203 ||  1281
       Headbutt          |       |       |       |    87 |    33 ||   120
       Spear             |       |       |       |   111 |       ||   111
 Cast: Magic Dart        |    50 |    89 |   155 |   350 |    35 ||   679
       Mephitic Cloud    |     1 |    11 |    50 |    54 |    17 ||   133
       Conjure Flame     |       |       |     9 |    99 |    35 ||   143
       Blink             |       |       |     3 |    44 |    21 ||    68
       Call Imp          |       |       |       |       |    18 ||    18
       Venom Bolt        |       |       |       |       |    13 ||    13
       Summon Butterflie |       |       |       |       |     1 ||     1
Invok: Heroism           |       |       |       |       |     1 ||     1
Evoke: Wand              |       |       |     1 |    15 |    17 ||    33
  Use: Potion            |       |     1 |     7 |     6 |     3 ||    17
       Scroll            |       |       |    12 |     6 |     2 ||    20
 Stab: Confused          |     1 |     7 |    16 |    20 |    12 ||    56
       Distracted        |       |       |     1 |     1 |     1 ||     3
       Sleeping          |       |       |       |       |     1 ||     1
  Eat: Chunk             |     1 |     9 |    10 |    10 |     2 ||    32
       Ration            |       |     1 |     3 |     7 |     6 ||    17
Armor: Robe              |     2 |    55 |   122 |   107 |       ||   286
       Skin              |       |       |    15 |       |       ||    15
       Leather armour    |       |       |       |   114 |    50 ||   164
Dodge: Dodged            |     7 |    99 |   260 |   394 |    96 ||   856
